 Dungeon Crawl Stone Soup version 0.29.1-2-gbd0b4ee654 (webtiles) character file.

Game seed: 8766994746458269797

170 GorkyZ the Covered (level 5, -1/33 HPs)
             Began as a Gargoyle Fighter on Nov 29, 2022.
             Slain by an orc wizard
             ... wielding a +0 dagger
              (2 damage)
             ... on level 3 of the Dungeon.
             The game lasted 00:05:32 (2205 turns).

GorkyZ the Covered (Gargoyle Fighter)               Turns: 2205, Time: 00:05:33

Health: -1/33      AC: 13    Str: 21    XL:     5   Next: 51%
Magic:  5/5        EV:  4    Int:  9    God:
Gold:   100        SH:  0    Dex:  9    Spells: 4/4 levels left

rFire   . . .      SeeInvis .   a - +0 war axe
rCold   . . .      Faith    .   p - +0 tower shield
rNeg    + . .      Spirit   .   q - +0 chain mail
rPois   ∞          Reflect  .   (no helmet)
rElec   +          Harm     .   (no cloak)
rCorr   .          Rampage  .   (no gloves)
Will    .....                   (no boots)
Stlth   ..........              (no amulet)
HPRegen 0.11/turn               (no ring)
MPRegen 0.09/turn               (no ring)

@: confused
A: sickness immunity, AC +4, negative energy resistance 1, electricity
resistance, torment resistance 1, petrification resistance
a: no special abilities


You were on level 3 of the Dungeon.
You visited 1 branch of the dungeon, and saw 3 of its levels.

You collected 100 gold pieces.

Inventory:

Hand Weapons
 a - a +0 war axe (weapon)
Armour
 b - a +0 scale mail
 c - a +0 buckler
 p - a +0 tower shield (worn)
 q - a +0 chain mail (worn)
Jewellery
 r - an amulet of magic regeneration
Scrolls
 e - 2 scrolls of poison {unknown}
 f - a scroll of enchant weapon {unknown}
 g - a scroll of teleportation {unknown}
 i - a scroll of vulnerability {unknown}
 k - 3 scrolls of blinking {unknown}
 n - a scroll of silence {unknown}
 o - 2 scrolls of identify {unknown}
Potions
 d - a potion of might
 h - a potion of mutation {unknown}
 j - a potion of flight {unknown}
 l - a potion of curing {unknown}
 m - a potion of degeneration {unknown}


   Skills:
 + Level 3.8 Fighting
 + Level 2.4 Axes
 + Level 1.4 Throwing
 + Level 4.0 Armour
 + Level 1.3 Dodging
 + Level 3.9 Shields
 + Level 1.2 Evocations


You had 4 spell levels left.
You didn't know any spells.
Your spell library contained the following spells:

 Spells                   Type           Power      Damage    Failure   Level
 Tukima's Dance           Hex            0%         N/A       100%        3
 Passage of Golubria      Tloc           0%         N/A       100%        4
 Yara's Violent Unravell  Hex/Tmut       0%         3d3       100%        5


Dungeon Overview and Level Annotations

Branches:
Dungeon (3/15)

Altars:
Makhleb


Innate Abilities, Weirdness & Mutations

You are immune to sickness and miasma.
Your stone body is resilient. (AC +4)
You are immune to poison.
You resist negative energy. (rN+)
You are resistant to electric shocks. (rElec)
You are resistant to unholy torment.
You are immune to petrification.


Message History

You completely miss something. Something hits you but does no damage.
You hear some strange, mumbled words.
A puff of flame appears from out of thin air!
The puff of flame hits you.
* * * LOW HITPOINT WARNING * * *
You miss something.
Something hits you but does no damage. x2
You miss something. Something hits you but does no damage.
You hear some strange, mumbled words.
A magic dart appears from out of thin air!
The magic dart hits you.
* * * LOW HITPOINT WARNING * * *
You closely miss something. Something hits you.
* * * LOW HITPOINT WARNING * * *
You barely miss something.
Something hits you but does no damage. x2
You barely miss something. Something hits you but does no damage.
Something hits you.
* * * LOW HITPOINT WARNING * * *
You barely miss something.
Something hits you but does no damage. x2
You barely miss something.
An orc wizard appears from thin air!
Reactivating autopickup.
The orc wizard points at you and mumbles some strange words.
The magic dart hits you but does no damage.
The orc wizard hits you but does no damage.
You hit the orc wizard but do no damage.
The orc wizard is moderately wounded.
The orc wizard gestures at you while chanting.
You are confused.
You hit the orc wizard.
The orc wizard is heavily wounded.
The orc wizard hits you with a +0 dagger.
* * * LOW HITPOINT WARNING * * *
The orc wizard hits you but does no damage.
The orc wizard attacks as you move away!
The orc wizard hits you with a +0 dagger.
* * * LOW HITPOINT WARNING * * *
You closely miss the orc wizard.
The orc wizard is heavily wounded.
The orc wizard hits you but does no damage.
The orc wizard hits you with a +0 dagger.
You die...

##..####.#.# #.....#
#.....##...##### #.....#
................###.....####.
......##.######...#...).......
................#.).....######
........#...###.).).........
.....######.# ###)).....###..
....## #.#####o#......# #.#.#
#.....@.#......# #.#.
##..##########.# # .. #..# ..§
#..# .. ...# ##... ##... ....


You could see an orc wizard.

Vanquished Creatures
  An orc priest (D:3)
  Robin (D:3)
  A gnoll (D:1)
  4 adders
  2 worms (D:2)
  3 dart slugs
  3 orcs (D:3)
  4 endoplasms
  A giant cockroach (D:2)
  13 goblins
  8 hobgoblins
  2 jackals (D:2)
  6 kobolds
  A quokka (D:1)
  5 ball pythons (D:1)
  7 bats
  8 frilled lizards
  A rat (D:2)
71 creatures vanquished.

Vanquished Creatures (others)
  A goblin (D:3)
  A hobgoblin (D:3)
2 creatures vanquished.

Grand Total: 73 creatures vanquished

Notes
Turn   | Place    | Note
-------+----------+-------------------------------------------
     0 | D:1      | GorkyZ the Gargoyle Fighter began the quest for the Orb.
     0 | D:1      | Reached XP level 1. HP: 14/14 MP: 1/1
   121 | D:1      | Reached XP level 2. HP: 19/19 MP: 2/2
   127 | D:1      | You fall into a shaft and drop 1 floor!
   468 | D:1      | Reached XP level 3. HP: 23/23 MP: 3/3
  1169 | D:2      | Reached skill level 1 in Throwing
  1169 | D:2      | Reached skill level 1 in Evocations
  1169 | D:2      | Reached XP level 4. HP: 28/28 MP: 4/4
  1432 | D:2      | Found a faded altar of an unknown god.
  1706 | D:3      | Reached skill level 1 in Dodging
  1756 | D:3      | Found a burning altar of Makhleb.
  1781 | D:3      | Identified the +4 robe of the Bagpipe {rElec rF+ rC- Will+}
  1885 | D:3      | Noticed Robin
  1897 | D:3      | Killed Robin
  1898 | D:3      | Reached XP level 5. HP: 14/33 MP: 5/5
  2188 | D:3      | Reached skill level 4 in Armour
  2204 | D:3      | HP: 1/33 [orc wizard/+0 dagger (2)]
  2205 | D:3      | Slain by an orc wizard

Illustrated notes

Levels and vault maps discovered:
D:1:      sevenhm_arrival_forest_fort_small_3, layout_rooms,
          hangedman_decor_points, minmay_cut_off
D:2:      layout_loops_ring, ebering_ecumenical_altar_hall, feat_on_display
D:3:      layout_rooms, nicolae_kikubaaqudgha_miasma_corner,
          nicolae_overflow_crystal_walls, bloody_makhleb, uniq_robin, uniq_ijyb

Skill      XL: |  1  2  3  4  5 |
---------------+----------------+-----
Axes           | 2 |  2.4
Throwing       | 1 |  1.4
Evocations     | 1 |  1.2
Dodging        | 1 |  1.3
Armour         | 4 |  4.0
Fighting       | |  3.8
Shields        | |  3.9

Action                   |  1- 3 |  4- 6 || total
-------------------------+-------+-------++-------
Melee: War axe           |    88 |   105 ||   193
Armor: Scale mail        |    48 |    40 ||    88
       Chain mail        |       |    58 ||    58
Dodge: Dodged            |    62 |    32 ||    94
Block: Buckler           |     8 |     4 ||    12
       Tower shield      |       |    63 ||    63
